 Dungeon Crawl Stone Soup version 0.18.1-8-gdd0e5ea (webtiles) character file.

304 Quirk the Shield-Bearer (level 6, -2/56 HPs)
             Began as a Minotaur Fighter on May 31, 2016.
             Slain by a gnoll
             ... wielding a +0 halberd
              (8 damage)
             ... on level 3 of the Dungeon.
             The game lasted 00:06:27 (2398 turns).

Quirk the Shield-Bearer (Minotaur Fighter)          Turns: 2398, Time: 00:06:28

Health: -2/56      AC:  7    Str: 23    XL:     6   Next: 15%
Magic:  5/5        EV:  9    Int:  5    God:
Gold:   98         SH: 10    Dex: 13    Spells: 0 memorised, 5 levels left

rFire  . . .     SeeInvis .     a - +0 war axe
rCold  . . .     Gourm    .     b - +0 scale mail
rNeg   . . .     Faith    .     c - +0 shield
rPois  .         Spirit   .     (helmet restricted)
rElec  .         Dismiss  .     (no cloak)
rCorr  .         Reflect  .     (no gloves)
SustAt .         Harm     .     (no boots)
MR     .....                    (no amulet)
Stlth  ..........               (no ring)
                                i - +4 ring of dexterity

@: not resistant to hostile enchantments, extremely unstealthy
A: retaliatory headbutt, horns 2
a: no special abilities


You were on level 3 of the Dungeon.
You were not hungry.

You visited 1 branch of the dungeon, and saw 3 of its levels.

You collected 98 gold pieces.

Inventory:

Hand Weapons
 a - a +0 war axe (weapon)
Armour
 b - a +0 scale mail (worn)
 c - a +0 shield (worn)
Jewellery
 i - a +4 ring of dexterity (left hand)
Scrolls
 e - 3 scrolls of fog {unknown}
 g - 3 scrolls of identify {unknown}
 j - a scroll of noise {unknown}
 o - a scroll of recharging {unknown}
 p - a scroll of amnesia {unknown}
Potions
 d - a potion of might
 q - 2 potions of agility
Comestibles
 f - 2 bread rations
 k - 3 fruits
 l - a meat ration
 m - a royal jelly
 n - a beef jerky


   Skills:
 + Level 5.0 Fighting
 + Level 3.9 Axes
 + Level 4.6 Armour
 + Level 2.8 Dodging
 + Level 5.1 Shields


You had 5 spell levels left.
You didn't know any spells.

Dungeon Overview and Level Annotations

Branches:
Dungeon (3/15)

Altars:
Makhleb

Annotations:
D:3 fawk's ghost, amateur MiBe


Innate Abilities, Weirdness & Mutations

You reflexively headbutt those who attack you in melee.
You have a pair of horns on your head.


Message History

* * * LOW HITPOINT WARNING * * *
The gnoll hits you with a halberd.
* * * LOW HITPOINT WARNING * * *
You bump into the rock wall.
The gnoll hits you with a halberd.
* * * LOW HITPOINT WARNING * * *
You feel less invigorated.
You feel less confused. The gnoll hits you with a halberd.
* * * LOW HITPOINT WARNING * * *
Your shield prevents you from hitting the gnoll.
You feel sick.
You are no longer poisoned.
You block the gnoll's attack.
You hit the gnoll.
The gnoll is moderately wounded.
You block the gnoll's attack.
You hit the gnoll. Your headbutt misses the gnoll.
The gnoll is severely wounded.
The gnoll hits you with a halberd!
You die...

......# #)#
......# #.#
###'###
#.#+##
###.####...
#....#
.......'...
#....+
....####...
#....#
....#
#()..#
....#
#.g†)#
....#
#.@..#
....#
#....#
....#
#.####
###.# #.#
###.# #..
....# ...
###.# ... #
#.# ...
###.#


You could see a gnoll.

Vanquished Creatures
  A crimson imp (D:3)
  5 orc wizards
  3 adders
  4 gnolls
  A worm (D:2)
  2 dart slugs
  A giant gecko (D:2)
  8 orcs
  A ball python (D:1)
  5 giant cockroaches
  4 goblins
  3 hobgoblins
  4 jackals (D:2)
  6 kobolds
  3 quokkas
  2 bats
  3 giant newts
  5 rats
61 creatures vanquished.

Notes
Turn   | Place    | Note
--------------------------------------------------------------
     0 | D:1      | Quirk the Minotaur Fighter began the quest for the Orb.
     0 | D:1      | Reached XP level 1. HP: 19/19 MP: 0/0
   133 | D:1      | Reached XP level 2. HP: 11/27 MP: 1/1
   694 | D:2      | Reached skill level 1 in Dodging
   865 | D:2      | Reached XP level 3. HP: 33/33 MP: 2/2
  1491 | D:3      | Reached XP level 4. HP: 29/40 MP: 3/3
  1786 | D:2      | Reached XP level 5. HP: 33/47 MP: 4/4
  2055 | D:3      | Noticed fawk's ghost (amateur MiBe)
  2311 | D:3      | Found a burning altar of Makhleb.
  2314 | D:3      | Reached skill level 5 in Shields
  2368 | D:3      | Reached XP level 6. HP: 55/55 MP: 5/5
  2387 | D:3      | Reached skill level 5 in Fighting
  2398 | D:3      | Slain by a gnoll

Skill      XL: |  1  2  3  4  5  6 |
---------------+-------------------+-----
Dodging        | 1 2 |  2.8
Axes           | 3 |  3.9
Armour         | 4 |  4.6
Shields        | 4 5 |  5.1
Fighting       | 4 5 |  5.0

Action                   |  1- 3 |  4- 6 || total
-------------------------+-------+-------++-------
Melee: War axe           |    62 |    79 ||   141
       Headbutt          |    12 |    15 ||    27
  Use: Potion            |       |     1 ||     1
  Eat: Chunk             |     2 |     3 ||     5
Armor: Scale mail        |    19 |    38 ||    57
Dodge: Dodged            |    23 |    37 ||    60
Block: Shield            |    31 |    55 ||    86
